 Dungeon Crawl Stone Soup version 0.28.0-53-g5a82cb258f (webtiles) character file.

Game seed: 9785724514341840410

42 DocClef the Slasher (level 3, -2/23 HPs)
             Began as a Tengu Fighter on June 28, 2022.
             Slain by a gnoll
             ... wielding a +0 flail
              (6 damage)
             ... on level 2 of the Dungeon.
             The game lasted 00:01:03 (1069 turns).

DocClef the Slasher (Tengu Fighter)                 Turns: 1069, Time: 00:01:04

Health: -2/23      AC:  6    Str: 16    XL:     3   Next: 54%
Magic:  4/4        EV:  8    Int:  8    God:
Gold:   62         SH:  5    Dex: 15    Spells: 2/2 levels left

rFire   . . .      SeeInvis .   a - +0 long sword
rCold   . . .      Faith    .   c - +0 buckler
rNeg    . . .      Spirit   .   b - +0 scale mail
rPois   .          Reflect  .   (helmet restricted)
rElec   .          Harm     .   (no cloak)
rCorr   .          Rampage  .   (no gloves)
Will    .....                   (boots unavailable)
Stlth   ..........              (no amulet)
HPRegen 0.07/turn               (no ring)
MPRegen 0.09/turn               (no ring)

@: no status effects
A: beak, talons 3
a: no special abilities


You were on level 2 of the Dungeon.
You visited 1 branch of the dungeon, and saw 2 of its levels.

You collected 62 gold pieces.

Inventory:

Hand Weapons
 a - a +0 long sword (weapon)
Armour
 b - a +0 scale mail (worn)
 c - a +0 buckler (worn)
Jewellery
 h - a +4 ring of protection
Scrolls
 e - a scroll of fog {unknown}
 g - 4 scrolls of identify {unknown}
 j - a scroll of immolation {unknown}
 k - a scroll of teleportation {unknown}
Potions
 d - 2 potions of might
 f - a potion of mutation {unknown}
 i - a potion of brilliance {unknown}


   Skills:
 - Level 3.0 Fighting
 + Level 4.2 Long Blades
 - Level 3.2 Armour
 - Level 3.0 Shields


You had 2 spell levels left.
You didn't know any spells.
Your spell library contained the following spells:

 Spells                   Type           Power      Damage    Failure   Level
 Animate Skeleton         Necr           0%         N/A       90%         1
 Apportation              Tloc           0%         N/A       90%         1
 Freeze                   Ice            0%         1d3       90%         1
 Summon Small Mammal      Summ           0%         N/A       90%         1
 Frozen Ramparts          Ice            0%         1d2       99%         3
 Gell's Gravitas          Tloc           0%         N/A       99%         3
 Teleport Other           Tloc           0%         N/A       99%         3
 Hailstorm                Conj/Ice       0%         3d3       100%        4
 Dispersal                Tloc           0%         N/A       100%        6


Dungeon Overview and Level Annotations

Branches:
Dungeon (2/15)

Altars:
Vehumet

Shops:
D:1 [


Innate Abilities, Weirdness & Mutations

You have a beak for a mouth.
You have claws for feet.


Message History

No target in view!
No target in view!
No target in view!
No target in view!
Found 27 stones.
k - a scroll labelled QOLUOM ITAERO A gnoll comes into view.
It is wielding a +0 flail.
The gnoll shouts!
You hear a shout! x2
A gnoll is nearby!
A gnoll is nearby! 3 gnolls come into view.
A gnoll is wielding a +1 vorpal halberd.
The gnoll shouts! x3
You see here a +0 buckler.
You see here a +0 buckler.
You closely miss the gnoll. Your kick misses the gnoll. You slash the gnoll!
You claw the gnoll. You peck the gnoll, but do no damage.
The gnoll is severely wounded.
The gnoll closely misses you. The gnoll hits you but does no damage.
You barely miss the gnoll. You claw the gnoll, but do no damage.
The gnoll is severely wounded.
The gnoll barely misses you.
You hit the gnoll. You claw the gnoll.
You kill the gnoll!
There is a stone staircase leading down here.
You hit the gnoll. Your kick misses the gnoll.
The gnoll is heavily wounded.
The gnoll closely misses you.
You barely miss the gnoll. You claw the gnoll, but do no damage.
The gnoll is heavily wounded.
The gnoll misses you.
You hit the gnoll. You peck the gnoll.
The gnoll is almost dead.
The gnoll hits you from afar with a +1 vorpal halberd!
The gnoll hits you with a +0 flail. You block the gnoll's attack.
The gnoll hits you from afar with a +1 vorpal halberd.
* * * LOW HITPOINT WARNING * * *
x2 The gnoll barely misses you.
The gnoll hits you with a +0 flail.
You die...

#.....# #.....## #
#######.._...###### .
#............##...# .
#............##...# .
#............##...# .
#.........#..#....# .
##.###.####.......##.#
g####..##..###.#@........
............[.)gg...###.#
..............g.#..## #
##............##...#
#.#.(........#.#...#
.#.##......##.#....#
..##.#....#.##.....#
..#.#.#..#.#.#....##
...#.##.(##.#.....#


You could see 3 gnolls.

Vanquished Creatures
  A gnoll (D:2)
  A dart slug (D:1)
  4 bats
  A giant cockroach (D:1)
  2 hobgoblins (D:1)
  3 quokkas (D:1)
  3 ball pythons
  3 frilled lizards (D:1)
  4 goblins (D:1)
  A kobold (D:1)
  6 rats
29 creatures vanquished.

Notes
Turn   | Place    | Note
-------+----------+-------------------------------------------
     0 | D:1      | DocClef the Tengu Fighter began the quest for the Orb.
     0 | D:1      | Reached XP level 1. HP: 14/14 MP: 2/2
    98 | D:1      | Reached XP level 2. HP: 19/19 MP: 3/3
   113 | D:1      | Reached skill level 3 in Long Blades
   551 | D:1      | Reached XP level 3. HP: 21/23 MP: 4/4
   611 | D:1      | Found Runockah's Antique Armour Emporium.
   962 | D:2      | Found a faded altar of an unknown god.
  1018 | D:2      | Found a radiant altar of Vehumet.
  1035 | D:2      | Reached skill level 4 in Long Blades
  1069 | D:2      | Slain by a gnoll

Illustrated notes

Levels and vault maps discovered:
D:1:      wander_arrival_lonely_grave, layout_loops_corners, serial_shops,
          nicolae_shop_temple_entry_statues_fountains, grunt_decor_cap
D:2:      layout_rooms, basic_altar, ebering_ecumenical_altar_hall,
          minmay_misc_feat_secret_circle, lightli_corner_chamber

Skill      XL: |  1  2  3 |
---------------+----------+-----
Long Blades    | 3 4 |  4.2
Fighting       | |  3.0
Armour         | |  3.2
Shields        | |  3.0

Action                   || total
-------------------------++-------
Melee: Long sword        ||    64
       Kick              ||    18
       Peck              ||     7
Armor: Scale mail        ||    26
Dodge: Dodged            ||    25
Block: Buckler           ||    12
